 Dungeon Crawl Stone Soup version 0.22.1-2-g9c5b331 (webtiles) character file.

13413 Lilu the Nimble (level 11, -4/67 HPs)
             Began as a Deep Elf Conjurer on Dec 5, 2018.
             Was a Priest of Vehumet.
             Slain by a seven-headed hydra (11 damage)
             ... on level 1 of the Lair of Beasts.
             The game lasted 01:12:37 (17693 turns).

Lilu the Nimble (Deep Elf Conjurer)                Turns: 17693, Time: 01:12:38

Health: -4/67      AC: 11    Str:  7    XL:     11   Next: 75%
Magic:  3/27       EV: 33    Int: 22    God:    Vehumet [***...]
Gold:   585        SH:  5    Dex: 15    Spells: 17/30 levels left

rFire    . . .     SeeInvis .   r - +2 dagger (venom)
rCold    . . .     Gourm    .   i - +0 buckler
rNeg     . . .     Faith    .   d - +0 leather armour
rPois    +         Spirit   .   u - +2 helmet
rElec    .         Reflect  .   b - +1 cloak
rCorr    .         Harm     .   j - +2 pair of gloves
MR       ++...                  (no boots)
Stlth    ++........             x - amulet of the acrobat
HPRegen  0.21/turn              o - ring of protection from magic
MPRegen  0.20/turn              s - ring of poison resistance

@: no status effects
A: no striking features
a: Renounce Religion


You were on level 1 of the Lair of Beasts.
You worshipped Vehumet.
Vehumet was most pleased with you.
You were hungry.

You visited 3 branches of the dungeon, and saw 13 of its levels.

You collected 585 gold pieces.

Inventory:

Hand Weapons
 r - a +2 dagger of venom (weapon)
 t - a +2 spear of venom
 v - a +0 hunting sling
 A - a +0 blowgun
Missiles
 e - 49 sling bullets
 h - 56 poisoned needles
 n - a throwing net (quivered)
 F - 3 needles of paralysis
 J - 2 curare-tipped needles
Armour
 b - a +1 cloak (worn)
 d - a +0 leather armour (worn)
 i - a +0 buckler (worn)
 j - a +2 pair of gloves (worn)
 u - a +2 helmet (worn)
 C - the +0 ring mail of Least Resistance {rElec rF+ rN++ Int-5}
   (You found it on level 7 of the Dungeon)

   It affects your intelligence (-5).
   It protects you from fire.
   It insulates you from electricity.
   It greatly protects you from negative energy.
 D - a +0 shield
Magical Staves
 w - an uncursed staff of summoning
Jewellery
 o - a ring of protection from magic (left hand)
 s - a ring of poison resistance (right hand)
 x - an amulet of the acrobat (around neck)
 H - an uncursed amulet of regeneration
 M - an uncursed ring of protection from magic
Wands
 f - a wand of acid (13)
 p - a wand of paralysis (18)
 G - a wand of scattershot (6)
Scrolls
 g - 2 scrolls of blinking
 l - 9 scrolls of remove curse
 y - 3 scrolls of enchant armour
 z - 5 scrolls of amnesia
 E - 6 scrolls of teleportation
 L - a scroll of magic mapping
Potions
 a - 2 potions of magic
 k - 2 potions of might
 m - 2 potions of mutation
 q - 6 potions of heal wounds
 B - 5 potions of lignification
 I - 2 potions of curing
 K - a potion of cancellation {unknown}
 O - a potion of invisibility {unknown}
Comestibles
 c - 23 rations
 N - a chunk of flesh


   Skills:
 + Level 7.0 Fighting
 + Level 10.5 Dodging
 - Level 2.4 Stealth
 + Level 6.0 Shields
 - Level 10.0 Spellcasting
 + Level 9.6 Conjurations
 - Level 8.0 Hexes
 - Level 4.0 Charms
 + Level 3.0 Translocations


You had 17 spell levels left.
You knew the following spells:

 Your Spells              Type           Power        Failure   Level  Hunger
a - Magic Dart            Conj           ####         1%          1    None
b - Searing Ray           Conj           ######       1%          2    None
c - Fulminant Prism       Conj/Hex       #####.....   1%          4    ##.....
d - Swiftness             Chrm/Air       ###.....     6%          2    None
e - Force Lance           Conj/Tloc      #####...     1%          4    ##.....

Your spell library contained the following spells:

 Spells                   Type           Power        Failure   Level  Hunger
 Throw Icicle             Conj/Ice       ####....     3%          4    ##.....
 Shock                    Conj/Air       ####         1%          1    None
 Dazzling Spray           Conj/Hex       #####.       1%          3    None
 Static Discharge         Conj/Air       ####....     1%          3    None
 Iskenderun's Mystic Bla  Conj           ######..     1%          4    ##.....
 Summon Guardian Golem    Hex/Summ       ####....     5%          3    None
 Summon Small Mammal      Summ           ##..         9%          1    None
 Lightning Bolt           Conj/Air       ####......   10%         5    ####...
 Call Imp                 Summ           ##......     14%         2    None
 Airstrike                Air            ##........   22%         4    ##.....
 Call Canine Familiar     Summ           ##......     26%         3    None
 Summon Ice Beast         Ice/Summ       ##......     65%         4    ##.....
 Summon Lightning Spire   Summ/Air       ##......     65%         4    ##.....


Dungeon Overview and Level Annotations

Branches:
Dungeon (11/15)            Temple (1/1) D:5            Lair (1/6) D:8
    Orc (0/2) D:9

Altars:
Ashenzari
Cheibriados
Dithmenos
Elyvilon
Fedhas
Gozag
Hepliaklqana
Kikubaaqudgha
Makhleb
Nemelex Xobeh
Okawaru
Qazlal
Ru
Sif Muna
Trog
Uskayaw
Vehumet
Wu Jian
Xom
Yredelemnul
Zin
The Shining One

Shops:
D:10 (


Message History

You hear an angry hiss.
Press: ? - help, v - describe, . - travel A staircase back to the Dungeon, spattered with blood.
Press: ? - help, v - describe, . - travel The floor.
You start to feel a little faster.
Your fulminant prism explodes!
You hear an angry hiss. x2
Vehumet will no longer extend the range of your destructive magics.
The seven-headed hydra misses you.
The seven-headed hydra bites you but does no damage.
The seven-headed hydra misses you. The seven-headed hydra bites you!
The seven-headed hydra completely misses you.
The seven-headed hydra bites you!
The seven-headed hydra bites you but does no damage.
You no longer feel sluggish.
The seven-headed hydra bites you!
* * * LOW HITPOINT WARNING * * *
The seven-headed hydra bites you!
You die...

.......#####.........#####....
............#.........#.#......
...............................
$..................÷...........
...................<.†.........
...............................
............[..................
...............................
..............@D...............
###########............P####.##
##...........## ###
###...........#
#.÷...(.........
##.............##
#.............# #.............#
#.............


You could see a seven-headed hydra.

Vanquished Creatures
  Erolcha (D:9)
  A two-headed ogre (D:11)
  2 unseen horrors
  A cyclops (D:11)
  A spiny frog (Lair:1)
  2 komodo dragons
  A troll (D:10)
  Grinder (D:3)
  A hornet (D:11)
  Sigmund (D:2)
  A spriggan (D:8)
  A wyvern (D:11)
  5 yaks
  A basilisk (Lair:1)
  Grum (D:9)
  2 hungry ghosts
  Menkaure (D:7)
  A water moccasin (D:6)
  An acid dragon (D:11)
  3 ice beasts
  6 orc warriors
  A porcupine (Lair:1)
  3 sky beasts
  A black bear (D:10)
  3 phantoms
  2 necrophages (D:11)
  7 centaurs
  3 ogres
  7 wolves
  2 crocodiles (Lair:1)
  5 big kobolds
  5 bullfrogs
  2 gnoll sergeants
  5 scorpions
  8 killer bees
  7 wights
  An electric eel (D:9)
  2 howler monkeys
  6 crimson imps
  3 bullfrog skeletons
  4 centaur zombies
  A quasit (D:7)
  A bullfrog zombie (D:5)
  6 hounds
  3 orc wizards
  6 orc priests
  A gnoll shaman (D:6)
  3 jellies
  Terence (D:2)
  5 iguanas
  6 worker ants
  A killer bee zombie (D:8)
  A hound zombie (D:5)
  A hound skeleton (D:11)
  3 mummies (D:11)
  Robin (D:2)
  14 gnolls
  A howler monkey skeleton (D:7)
  12 adders
  3 shadow imps
  3 adder skeletons
  An adder zombie (D:7)
  4 worms
  9 leopard geckos
  20 orcs
  A giant cockroach (D:8)
  11 goblins
  10 hobgoblins
  16 jackals
  26 kobolds
  5 quokkas
  3 ball pythons
  7 bats
  6 frilled lizards
  2 jackal skeletons (D:5)
  6 rats
  A plant (D:9)
  A withered plant (D:11)
314 creatures vanquished.

Vanquished Creatures (others)
  A killer bee (D:8)
  95 fulminant prisms
  18 plants
114 creatures vanquished.

Grand Total: 428 creatures vanquished

Notes
Turn   | Place    | Note
-------+----------+-------------------------------------------
     0 | D:1      | Lilu the Deep Elf Conjurer began the quest for the Orb.
     0 | D:1      | Reached XP level 1. HP: 10/10 MP: 6/6
   252 | D:1      | Reached XP level 2. HP: 11/15 MP: 4/8
   388 | D:1      | Learned a level 2 spell: Searing Ray
  1068 | D:2      | Reached XP level 3. HP: 20/20 MP: 5/10
  1190 | D:2      | Noticed Sigmund
  1368 | D:2      | Noticed Terence
  1388 | D:2      | Killed Terence
  1388 | D:2      | Reached skill level 5 in Conjurations
  1388 | D:2      | Reached XP level 4. HP: 22/24 MP: 3/12
  2016 | D:2      | Noticed Robin
  2022 | D:2      | Killed Robin
  2022 | D:2      | Reached skill level 1 in Fighting
  2328 | D:2      | Killed Sigmund
  2328 | D:2      | Reached skill level 1 in Shields
  2328 | D:2      | Reached skill level 5 in Spellcasting
  2328 | D:2      | Reached XP level 5. HP: 24/29 MP: 5/14
  2328 | D:2      | Reached XP level 6. HP: 28/34 MP: 5/15
  2430 | D:2      | Learned a level 4 spell: Fulminant Prism
  2527 | D:3      | Noticed Grinder
  2551 | D:3      | Killed Grinder
  2551 | D:3      | Reached skill level 1 in Hexes
  2849 | D:3      | Found an iron altar of Okawaru.
  2918 | D:3      | Reached XP level 7. HP: 39/40 MP: 5/17
  3553 | D:3      | Found a shattered altar of Ashenzari.
  3583 | D:3      | Found a burning altar of Makhleb.
  3583 | D:3      | Found a glowing golden altar of the Shining One.
  4721 | D:4      | Reached skill level 5 in Dodging
  5003 | D:5      | Entered Level 5 of the Dungeon
  5061 | D:5      | Found a staircase to the Ecumenical Temple.
  5084 | Temple   | Entered the Ecumenical Temple
  5180 | Temple   | Became a worshipper of Vehumet
  5256 | D:5      | Reached XP level 8. HP: 44/45 MP: 16/19
  5687 | D:5      | Found a blossoming altar of Fedhas.
  5913 | D:5      | Found a shimmering altar of Xom.
  6700 | D:6      | Reached skill level 5 in Hexes
  7093 | D:6      | Reached * piety under Vehumet
  7093 | D:6      | Offered knowledge of Sandblast by Vehumet.
  7441 | D:7      | Reached XP level 9. HP: 49/52 MP: 5/20
  7667 | D:7      | Noticed Menkaure
  7679 | D:7      | Killed Menkaure
  8106 | D:7      | Found a shadowy altar of Dithmenos.
  8319 | D:7      | Got a jewelled ring mail
  8373 | D:7      | Offered knowledge of Throw Frost by Vehumet.
  8389 | D:7      | Reached ** piety under Vehumet
  8440 | D:7      | Learned a level 2 spell: Swiftness
  8445 | D:7      | Learned a level 4 spell: Force Lance
  8637 | D:7      | Identified the +0 ring mail of Least Resistance {rElec rF+
                  | rN++ Int-5} (You found it on level 7 of the Dungeon)
  8915 | D:8      | You fall through a shaft!
  9228 | D:8      | Reached skill level 5 in Fighting
  9432 | D:8      | Reached XP level 10. HP: 52/59 MP: 6/23
  9618 | D:8      | Found a staircase to the Lair.
  9703 | D:8      | Reached skill level 5 in Shields
 10916 | D:9      | Noticed Erolcha
 11238 | D:9      | Killed Erolcha
 11238 | D:9      | Offered knowledge of Ignite Poison by Vehumet.
 11525 | D:9      | Found a staircase to the Orcish Mines.
 12328 | D:9      | Noticed Grum
 12825 | D:9      | Killed Grum
 12993 | D:9      | Found a staircase to the Orcish Mines.
 13342 | D:10     | Entered Level 10 of the Dungeon
 13840 | D:10     | Found Rythrut's Antique Weapon Shop.
 13880 | D:10     | Reached *** piety under Vehumet
 14260 | D:10     | Reached XP level 11. HP: 62/64 MP: 4/26
 14851 | D:10     | Killed an unseen horror
 15465 | D:11     | Offered knowledge of Throw Icicle by Vehumet.
 15886 | D:11     | Noticed a cyan ugly thing
 15906 | D:11     | Reached skill level 10 in Dodging
 15906 | D:11     | Reached skill level 1 in Charms
 15906 | D:11     | Reached skill level 1 in Translocations
 16336 | D:11     | Killed an unseen horror
 16349 | D:11     | Noticed a two-headed ogre
 16366 | D:11     | Killed a two-headed ogre
 16366 | D:11     | Reached **** piety under Vehumet
 17232 | Lair:1   | Entered Level 1 of the Lair of Beasts
 17243 | Lair:1   | Reached skill level 10 in Spellcasting
 17525 | Lair:1   | Noticed a seven-headed hydra
 17693 | Lair:1   | Slain by a seven-headed hydra

Skill      XL: |  1  2  3  4  5  6  7  8  9 10 11 |
---------------+----------------------------------+-----
Spellcasting   | 4 5 6 7 9 10 | 10.0
Conjurations   | 5 6 7 8 9 |  9.6
Dodging        | 3 4 5 6 8 9 10 | 10.5
Fighting       | 1 2 3 5 6 7 |  7.0
Shields        | 1 2 3 4 5 6 |  6.0
Hexes          | 1 3 5 6 7 8 |  8.0
Charms         | 4 |  4.0
Translocations | 3 |  3.0
Stealth        | |  2.4

Action                   |  1- 3 |  4- 6 |  7- 9 | 10-12 || total
-------------------------+-------+-------+-------+-------++-------
Melee: Club              |     3 |       |       |       ||     3
       Dagger            |       |    21 |    31 |    59 ||   111
       Spear             |       |       |       |     8 ||     8
 Fire: Blowgun           |       |       |     3 |     1 ||     4
 Cast: Magic Dart        |    51 |    34 |   101 |    91 ||   277
       Searing Ray       |     1 |    10 |    85 |    62 ||   158
       Fulminant Prism   |       |       |    10 |    86 ||    96
       Swiftness         |       |       |     1 |     2 ||     3
       Force Lance       |       |       |       |     7 ||     7
  Use: Scroll            |       |       |    17 |     7 ||    24
 Stab: Sleeping          |       |     1 |     2 |       ||     3
  Eat: Chunk             |     1 |     5 |    17 |    14 ||    37
       Ration            |       |       |     1 |     5 ||     6
Armor: Leather armour    |     4 |     8 |    29 |    42 ||    83
Dodge: Dodged            |    10 |    21 |   126 |   285 ||   442
Block: Buckler           |       |     6 |    45 |    84 ||   135
